Unix NetHack Version 3.7.0-88 Work-in-progress - last build Aug 21 2023 04:08:40 (b68ccb3e4f8f5dcb83e1e40b1ff56e7dffd4cd28,branch:master). Game began 2023-09-02 16:13:05, ended 2023-09-02 16:31:11. MargeBouvier, chaotic male orcish Wizard ---- -------- |.`-----......| |`.f@qo...o...| |.------......| |.| |......| |.|------.----| |.||....|.....| |^||.000|.....| |^|-.0.......[| |<|>...---....| -------- ------ MargeBouvier the Thaumaturge St:16 Dx:13 Co:13 In:16 Wi:12 Ch:8 Chaotic Dlvl:6 $:133 HP:0(35) Pw:4(45) AC:8 Exp:6 T:3457 Burdened Latest messages: You see no objects here. Something is written here in the dust. You read: "Elbereth". You see no objects here. Something is written here in the dust. You read: "Elbereth". You see no objects here. The mumak turns to flee. Something is written here in the dust. You read: "Elbereth". You see no objects here. Something is written here in the dust. You read: "Elbereth". You see no objects here. Something is written here in the dust. You read: "Elbereth". You see no objects here. Something is written here in the dust. You read: "Elbereth". You see no objects here. Something is written here in the dust. You read: "Elbereth". You see no objects here. You swap places with Scrag-Bag. Something is written here in the dust. You read: "E c???h". What do you want to write with? [- ac-enrtuwACFHKS-UZ or ?*] You write in the dust with your fingertip. The Mordor orc picks up an uncursed quarterstaff. Something is written here in the dust. You read: "Elbereth". You see no objects here. Something is written here in the dust. You read: "Elbereth". You see no objects here. Something is written here in the dust. You read: "Elbereth". You see no objects here. Something is written here in the dust. You read: "Elbereth". You see no objects here. Something is written here in the dust. You read: "Elbereth". You see no objects here. The mumak turns to flee. The mumak butts! The mumak bites! You die... Do you want your possessions identified? [ynq] (y) Do you want to see your attributes? [ynq] (y) Inventory: Coins $ - 133 gold pieces Weapons H - 11 +0 arrows C - 9 +0 crossbow bolts K - 11 +0 darts a - a blessed +1 quarterstaff (weapon in hands) U - a +0 quarterstaff Armor v - an uncursed +0 pair of speed boots (being worn) b - an uncursed +0 cloak of magic resistance (being worn) N - an uncursed +0 mummy wrapping L - a blessed +1 scale mail Comestibles I - a cursed slime mold V - 2 uncursed cram rations z - an uncursed food ration Q - an uncursed food ration q - an uncursed fortune cookie W - an uncursed tripe ration J - 2 cursed tripe rations o - 3 uncursed lichen corpses Scrolls k - an uncursed scroll of blank paper B - a blessed scroll of charging p - an uncursed scroll of confuse monster E - 2 uncursed scrolls of earth D - an uncursed scroll of enchant armor j - an uncursed scroll of enchant weapon Y - a cursed scroll of enchant weapon s - an uncursed scroll of food detection i - an uncursed scroll of scare monster M - a blessed scroll of teleportation Spellbooks l - a blessed spellbook of force bolt R - an uncursed spellbook of light m - an uncursed spellbook of sleep Potions f - an uncursed potion of enlightenment G - an uncursed potion of fruit juice g - a blessed potion of gain ability P - a blessed potion of healing y - an uncursed potion of invisibility X - a cursed potion of restore ability O - 2 uncursed potions of sleeping h - 2 uncursed potions of water Rings r - an uncursed ring of aggravate monster t - an uncursed ring of poison resistance e - an uncursed +3 ring of protection F - an uncursed ring of regeneration d - an uncursed ring of searching A - an uncursed ring of slow digestion Wands T - a wand of digging (0:3) c - a wand of make invisible (0:5) Tools x - an uncursed lock pick n - a magic marker (0:46) Gems/Stones Z - an uncursed worthless piece of blue glass w - 2 uncursed worthless pieces of green glass u - 2 cursed worthless pieces of red glass S - an uncursed worthless piece of white glass MargeBouvier the Wizard's attributes: Background: You were a Thaumaturge, a level 6 male orcish Wizard. You were chaotic, on a mission for Anhur who was opposed by Ptah (lawful) and Thoth (neutral). You were in Sokoban, on level 6. You entered the dungeon 3457 turns ago. There was a full moon in effect when your adventure ended. You had 321 experience points, 319 more were needed to attain level 7. Basics: You had 0 out of 35 hit points. You had 4 out of 45 energy points (spell power). Your armor class was 8. Your wallet contained 133 zorkmids. Autopickup was off. Final Characteristics: Your strength was 16 (limit:18/50). Your dexterity was 13 (peak:15, limit:18). Your constitution was 13 (limit:18). Your intelligence was 16 (limit:16). Your wisdom was 12 (limit:16). Your charisma was 8 (limit:16). Final Status: You were not hungry. You were burdened; movement was slightly slowed. You were wielding a quarterstaff. You had basic skill with quarterstaff. Final Attributes: You were piously aligned. You were magic-protected. You were poison resistant. You were telepathic. You had infravision. You were warded. You were very fast. You were lucky. You are dead. Miscellaneous: You never encountered a bones level. Total elapsed playing time was 18 minutes and 4 seconds. Major events: Turn 1: MargeBouvier the chaotic male orcish Wizard entered the dungeon 1157: attained the rank of Conjurer (level 3) 3146: attained the rank of Thaumaturge (level 6) 3171: entered Sokoban 3457: killed by a mumak Vanquished creatures: a giant spider an orc mummy 2 apes a rock piercer a rock mole a pony a black naga hatchling 3 giant ants a floating eye a homunculus a rothe a rabid rat a centipede a giant bat 2 monkeys an acid blob a hobbit a large kobold a brown mold a red mold a gnome zombie 2 geckos a jackal 2 foxes 2 kobolds a sewer rat 4 grid bugs 8 lichens 6 newts 51 creatures vanquished. No species were genocided or became extinct. Voluntary challenges: You read items or engraved 24 times. You engraved Elbereth 14 times. You never genocided any monsters. You never polymorphed an object. You never changed form. You used no wishes. You did not violate any of the special Sokoban rules. Achievements: You entered a shop. You attained the rank of Conjurer. You attained the rank of Thaumaturge. You entered Sokoban. The Dungeons of Doom: levels 1 to 8 Level 1: A fountain. Level 2: A grave. Level 3: A general store, a fountain. Level 4: Level 5: Some fountains. Level 6: Many fountains. Level 7: Some altars, a fountain. Stairs up to Sokoban, level 6. Level 8: A throne. Sokoban: Level 6: <- You were here. Unsolved. Final resting place for you, killed by a mumak. Game over: ---------- / \ / REST \ / IN \ / PEACE \ / \ | MargeBouvier | | 133 Au | | killed by a | | mumak | | | | | | 2023 | *| * * * | * _________)/\\_//(\/(/\)/\//\/|_)_______ Goodbye MargeBouvier the Wizard... You died in Sokoban on dungeon level 6 with 1774 points, and 133 pieces of gold, after 3457 moves. You were level 6 with a maximum of 35 hit points when you died.